[ PARTIDA AOE2 · #471822240 ]
UnrankedBritanos vs Turks
Equipo del jugador · DERR
Equipo rival · VICT
[ ANÁLISIS DE REPETICIÓN · EXTRAÍDO DE LA PARTIDA GRABADA ]
Feudal
9:16
Castillos
22:27
Imperial
—
| APM promedio | 57.4 |
| APM pico | 86 |
| eAPM promedio | 24.4 |
| Aldeanos / militares | 50 / 33 |
Foco
⚔️ 35.1% · 🌾 64.9%
Archer ×24 · Spearman ×6 · Militia ×3
Feudal
8:28
Castillos
20:03
Imperial
—
| APM promedio | 112.8 |
| APM pico | 208 |
| eAPM promedio | 73.1 |
| Aldeanos / militares | 53 / 29 |
Foco
⚔️ 70.4% · 🌾 29.6%
Knight ×18 · Scout Cavalry ×11
Mapa de la partida
Recursos iniciales + cada clic de construcción. Líneas = muros · curvas = relieve. ◆ oro · ⬟ piedra · ● bayas · ✦ reliquia · ◌ hueco del cierre
Tu base· ✓ Cerrada en 22:27 · 89t muro · 2 puerta(s)
Base de quadsflopper· Abierta — flanco sin cerrar
Terreno inicial suavizado · ◌ = hueco del cierre detectado · pasá el cursor para detalles
Inputs por minuto
— Funky-Kong - - quadsflopper
Build order — Funky-Kong
Primeras 150 de 176 acciones detectadas
| 0:00 | Crear | Villager (Male) |
| 0:02 | Construir | House |
| 0:03 | Construir | House |
| 0:09 | Crear | Villager (Male) |
| 0:20 | Crear | Villager (Male) |
| 0:24 | Crear | Villager (Male) |
| 1:23 | Crear | Villager (Male) |
| 1:45 | Crear | Villager (Male) |
| 2:01 | Crear | Villager (Male) |
| 2:09 | Construir | Lumber Camp |
| 2:40 | Crear | Villager (Male) |
| 2:47 | Crear | Villager (Male) |
| 3:07 | Crear | Villager (Male) |
| 3:29 | Construir | House |
| 3:31 | Crear | Villager (Male) |
| 3:51 | Crear | Villager (Male) |
| 4:02 | Crear | Villager (Male) |
| 4:06 | Construir | House |
| 4:47 | Construir | Mill |
| 5:11 | Crear | Villager (Male) |
| 5:31 | Crear | Villager (Male) |
| 5:55 | Crear | Villager (Male) |
| 6:30 | Construir | Barracks |
| 6:36 | Investigar | Loom |
| 6:54 | Investigar | Feudal Age |
| 6:58 | Construir | Palisade Gate |
| 7:23 | Crear | Militia |
| 7:23 | Crear | Militia |
| 7:37 | Construir | Lumber Camp |
| 7:40 | Crear | Villager (Male) |
| 7:45 | Crear | Militia |
| 8:20 | Construir | House |
| 8:49 | Construir | Palisade Wall |
| 8:50 | Construir | Palisade Wall |
| 8:51 | Construir | Palisade Wall |
| 8:54 | Crear | Villager (Male) |
| 9:16 | Edad | Edad Feudal |
| 9:19 | Crear | Spearman |
| 9:23 | Construir | Archery Range |
| 9:23 | Crear | Villager (Male) |
| 9:33 | Investigar | Double-Bit Axe |
| 9:34 | Investigar | Horse Collar |
| 10:07 | Crear | Villager (Male) |
| 10:08 | Construir | Mining Camp |
| 10:12 | Construir | House |
| 10:27 | Crear | Spearman |
| 10:34 | Construir | Palisade Wall |
| 10:35 | Construir | Palisade Wall |
| 10:36 | Crear | Villager (Male) |
| 10:59 | Construir | Farm |
| 11:01 | Construir | Farm |
| 11:03 | Construir | Farm |
| 11:04 | Construir | Farm |
| 11:07 | Crear | Villager (Male) |
| 11:24 | Construir | Palisade Gate |
| 11:29 | Construir | Palisade Wall |
| 11:30 | Construir | Palisade Wall |
| 11:33 | Crear | Villager (Male) |
| 11:39 | Crear | Archer |
| 11:46 | Construir | Farm |
| 11:52 | Construir | Palisade Wall |
| 11:54 | Construir | Palisade Wall |
| 11:58 | Construir | Palisade Wall |
| 11:59 | Construir | Palisade Wall |
| 12:05 | Construir | Palisade Wall |
| 12:07 | Construir | Palisade Wall |
| 12:10 | Crear | Villager (Male) |
| 12:11 | Construir | Palisade Wall |
| 12:13 | Construir | Palisade Wall |
| 12:14 | Construir | Palisade Wall |
| 12:17 | Construir | Palisade Wall |
| 12:21 | Construir | Palisade Wall |
| 12:29 | Construir | Palisade Wall |
| 12:31 | Construir | Palisade Wall |
| 12:34 | Construir | Palisade Wall |
| 12:37 | Crear | Villager (Male) |
| 12:40 | Construir | Farm |
| 12:42 | Construir | Farm |
| 12:42 | Crear | Archer |
| 12:46 | Construir | House |
| 12:47 | Construir | Palisade Wall |
| 12:50 | Crear | Villager (Male) |
| 13:08 | Crear | Spearman |
| 13:09 | Crear | Archer |
| 13:21 | Construir | Farm |
| 13:30 | Construir | House |
| 13:34 | Construir | Farm |
| 13:35 | Crear | Archer |
| 13:58 | Crear | Villager (Male) |
| 13:59 | Crear | Villager (Male) |
| 14:02 | Crear | Archer |
| 14:15 | Crear | Spearman |
| 14:23 | Crear | Villager (Male) |
| 14:27 | Construir | Blacksmith |
| 14:28 | Construir | House |
| 14:29 | Construir | Palisade Wall |
| 14:34 | Construir | House |
| 14:40 | Construir | Palisade Wall |
| 14:43 | Construir | Palisade Wall |
| 14:44 | Crear | Villager (Male) |
| 14:51 | Crear | Villager (Male) |
| 15:02 | Crear | Archer |
| 15:10 | Crear | Villager (Male) |
| 15:15 | Construir | Farm |
| 15:18 | Construir | Farm |
| 15:24 | Crear | Archer |
| 15:37 | Crear | Archer |
| 15:47 | Crear | Spearman |
| 15:50 | Construir | Farm |
| 15:52 | Construir | Farm |
| 16:06 | Crear | Villager (Male) |
| 16:11 | Investigar | Fletching |
| 16:19 | Construir | Farm |
| 16:20 | Crear | Villager (Male) |
| 16:22 | Crear | Villager (Male) |
| 16:25 | Crear | Archer |
| 16:35 | Construir | Farm |
| 16:42 | Construir | House |
| 16:43 | Construir | Palisade Wall |
| 16:44 | Construir | Palisade Wall |
| 16:47 | Crear | Archer |
| 16:49 | Crear | Villager (Male) |
| 16:51 | Investigar | Padded Archer Armor |
| 17:22 | Crear | Archer |
| 17:26 | Construir | Farm |
| 17:33 | Crear | Archer |
| 17:44 | Crear | Villager (Male) |
| 17:48 | Construir | House |
| 18:02 | Crear | Archer |
| 18:16 | Construir | Farm |
| 18:25 | Construir | Farm |
| 18:29 | Construir | Market |
| 18:35 | Construir | Palisade Wall |
| 18:57 | Crear | Villager (Male) |
| 19:00 | Construir | House |
| 19:02 | Construir | Palisade Wall |
| 19:04 | Crear | Archer |
| 19:07 | Crear | Villager (Male) |
| 19:20 | Crear | Villager (Male) |
| 19:23 | Crear | Archer |
| 19:45 | Investigar | Castle Age |
| 19:58 | Construir | Archery Range |
| 20:04 | Crear | Villager (Male) |
| 20:25 | Investigar | Gold Mining |
| 20:26 | Crear | Archer |
| 20:33 | Crear | Archer |
| 20:58 | Crear | Archer |
| 20:59 | Crear | Archer |
| 21:12 | Crear | Villager (Male) |
| 21:22 | Construir | House |
Build order — quadsflopper
Primeras 150 de 151 acciones detectadas
| 0:00 | Crear | Villager (Male) |
| 0:01 | Crear | Villager (Male) |
| 0:01 | Crear | Villager (Male) |
| 0:01 | Crear | Villager (Male) |
| 0:02 | Crear | Villager (Male) |
| 0:02 | Construir | House |
| 0:04 | Construir | House |
| 1:28 | Crear | Villager (Male) |
| 1:55 | Construir | Lumber Camp |
| 2:03 | Crear | Villager (Male) |
| 2:03 | Crear | Villager (Male) |
| 2:25 | Crear | Villager (Male) |
| 2:50 | Crear | Villager (Male) |
| 2:50 | Crear | Villager (Male) |
| 3:15 | Crear | Villager (Male) |
| 3:15 | Crear | Villager (Male) |
| 3:16 | Crear | Villager (Male) |
| 3:19 | Crear | Villager (Male) |
| 3:20 | Crear | Villager (Male) |
| 3:57 | Construir | House |
| 4:09 | Crear | Villager (Male) |
| 4:10 | Crear | Villager (Male) |
| 4:10 | Crear | Villager (Male) |
| 4:24 | Construir | Mill |
| 4:27 | Construir | Mill |
| 4:41 | Crear | Villager (Male) |
| 4:44 | Crear | Villager (Male) |
| 4:44 | Crear | Villager (Male) |
| 4:44 | Crear | Villager (Male) |
| 5:00 | Investigar | Loom |
| 6:18 | Investigar | Feudal Age |
| 6:47 | Crear | Villager (Male) |
| 7:20 | Construir | House |
| 7:38 | Construir | Barracks |
| 8:28 | Edad | Edad Feudal |
| 8:44 | Construir | Stable |
| 8:59 | Crear | Villager (Male) |
| 9:02 | Construir | House |
| 9:05 | Construir | House |
| 9:07 | Construir | House |
| 9:10 | Construir | House |
| 9:19 | Construir | Palisade Gate |
| 9:33 | Crear | Scout Cavalry |
| 9:36 | Crear | Villager (Male) |
| 9:36 | Crear | Villager (Male) |
| 9:37 | Crear | Villager (Male) |
| 9:38 | Crear | Villager (Male) |
| 9:38 | Crear | Villager (Male) |
| 9:43 | Crear | Scout Cavalry |
| 9:58 | Construir | House |
| 10:04 | Construir | Palisade Wall |
| 10:10 | Crear | Scout Cavalry |
| 10:46 | Construir | House |
| 11:04 | Crear | Scout Cavalry |
| 11:07 | Investigar | Horse Collar |
| 11:08 | Investigar | Horse Collar |
| 11:08 | Investigar | Horse Collar |
| 11:10 | Crear | Villager (Male) |
| 11:12 | Construir | Farm |
| 11:16 | Construir | Farm |
| 11:21 | Crear | Villager (Male) |
| 11:25 | Construir | House |
| 11:39 | Construir | Palisade Wall |
| 11:48 | Construir | Farm |
| 11:58 | Crear | Villager (Male) |
| 11:59 | Crear | Villager (Male) |
| 11:59 | Crear | Villager (Male) |
| 12:15 | Construir | Farm |
| 12:22 | Construir | Palisade Wall |
| 12:39 | Crear | Villager (Male) |
| 12:41 | Construir | Farm |
| 13:19 | Crear | Villager (Male) |
| 13:21 | Construir | Farm |
| 13:23 | Construir | Farm |
| 13:25 | Construir | Palisade Wall |
| 13:26 | Construir | Farm |
| 13:29 | Crear | Villager (Male) |
| 13:46 | Construir | House |
| 13:59 | Crear | Villager (Male) |
| 14:14 | Construir | Mining Camp |
| 14:18 | Construir | Mining Camp |
| 14:26 | Construir | Farm |
| 14:30 | Crear | Villager (Male) |
| 14:36 | Investigar | Town Watch |
| 14:43 | Construir | Farm |
| 14:52 | Construir | Farm |
| 14:56 | Construir | House |
| 14:59 | Crear | Villager (Male) |
| 15:23 | Construir | Palisade Wall |
| 15:38 | Construir | Farm |
| 15:44 | Crear | Villager (Male) |
| 15:59 | Construir | Blacksmith |
| 16:00 | Construir | House |
| 16:13 | Crear | Villager (Male) |
| 16:34 | Crear | Villager (Male) |
| 16:35 | Construir | Farm |
| 16:41 | Construir | House |
| 16:53 | Crear | Villager (Male) |
| 17:23 | Investigar | Castle Age |
| 17:23 | Investigar | Castle Age |
| 17:28 | Construir | Lumber Camp |
| 17:59 | Crear | Scout Cavalry |
| 18:05 | Construir | House |
| 18:21 | Investigar | Scale Barding Armor |
| 18:21 | Investigar | Scale Barding Armor |
| 18:32 | Crear | Scout Cavalry |
| 18:48 | Construir | House |
| 18:59 | Crear | Villager (Male) |
| 19:03 | Construir | Stable |
| 19:12 | Crear | Scout Cavalry |
| 19:12 | Crear | Scout Cavalry |
| 19:13 | Crear | Scout Cavalry |
| 19:32 | Investigar | Bloodlines |
| 19:32 | Investigar | Bloodlines |
| 19:42 | Construir | House |
| 19:44 | Construir | House |
| 19:56 | Crear | Scout Cavalry |
| 19:57 | Crear | Scout Cavalry |
| 20:03 | Edad | Edad de los Castillos |
| 20:17 | Crear | Knight |
| 20:22 | Crear | Knight |
| 20:29 | Crear | Villager (Male) |
| 20:33 | Construir | Town Center |
| 20:51 | Construir | Farm |
| 20:53 | Construir | Farm |
| 20:57 | Construir | House |
| 20:58 | Crear | Knight |
| 20:59 | Crear | Knight |
| 21:10 | Crear | Knight |
| 21:10 | Crear | Knight |
| 21:40 | Crear | Knight |
| 21:40 | Crear | Knight |
| 21:46 | Crear | Knight |
| 21:46 | Crear | Knight |
| 21:56 | Crear | Knight |
| 21:56 | Crear | Knight |
| 22:03 | Crear | Villager (Male) |
| 22:03 | Crear | Villager (Male) |
| 22:04 | Crear | Villager (Male) |
| 22:09 | Construir | Siege Workshop |
| 22:16 | Crear | Knight |
| 22:16 | Crear | Knight |
| 22:27 | Crear | Villager (Male) |
| 22:35 | Crear | Knight |
| 22:35 | Crear | Knight |
| 22:55 | Crear | Knight |
| 22:56 | Crear | Knight |
| 23:03 | Crear | Villager (Male) |
| 23:03 | Crear | Villager (Male) |
| 23:06 | Construir | Farm |
Cronología de la partida
| 6:30 | Funky-Kong · first_building Barracks |
| 7:38 | quadsflopper · first_building Barracks |
| 8:28 | quadsflopper · age_up feudal |
| 8:44 | quadsflopper · first_building Stable |
| 8:49 | Funky-Kong · wall_segment Palisade Wall x1 |
| 8:50 | Funky-Kong · wall_segment Palisade Wall x1 |
| 8:51 | Funky-Kong · wall_segment Palisade Wall x1 |
| 9:16 | Funky-Kong · age_up feudal |
| 9:23 | Funky-Kong · first_building Archery Range |
| 10:04 | quadsflopper · wall_segment Palisade Wall x7 |
| 10:34 | Funky-Kong · wall_segment Palisade Wall x7 |
| 10:35 | Funky-Kong · wall_segment Palisade Wall x7 |
| 11:29 | Funky-Kong · wall_segment Palisade Wall x1 |
| 11:30 | Funky-Kong · wall_segment Palisade Wall x11 |
| 11:39 | quadsflopper · wall_segment Palisade Wall x19 |
| 11:52 | Funky-Kong · wall_segment Palisade Wall x1 |
| 11:54 | Funky-Kong · wall_segment Palisade Wall x1 |
| 11:58 | Funky-Kong · wall_segment Palisade Wall x1 |
| 11:59 | Funky-Kong · wall_segment Palisade Wall x1 |
| 12:05 | Funky-Kong · wall_segment Palisade Wall x1 |
| 12:07 | Funky-Kong · wall_segment Palisade Wall x1 |
| 12:11 | Funky-Kong · wall_segment Palisade Wall x1 |
| 12:13 | Funky-Kong · wall_segment Palisade Wall x1 |
| 12:14 | Funky-Kong · wall_segment Palisade Wall x1 |
| 12:17 | Funky-Kong · wall_segment Palisade Wall x1 |
| 12:21 | Funky-Kong · wall_segment Palisade Wall x1 |
| 12:22 | quadsflopper · wall_segment Palisade Wall x12 |
| 12:29 | Funky-Kong · wall_segment Palisade Wall x1 |
| 12:31 | Funky-Kong · wall_segment Palisade Wall x1 |
| 12:34 | Funky-Kong · wall_segment Palisade Wall x1 |
| 12:47 | Funky-Kong · wall_segment Palisade Wall x1 |
| 13:25 | quadsflopper · wall_segment Palisade Wall x1 |
| 14:29 | Funky-Kong · wall_segment Palisade Wall x6 |
| 14:40 | Funky-Kong · wall_segment Palisade Wall x15 |
| 14:43 | Funky-Kong · wall_segment Palisade Wall x10 |
| 15:23 | quadsflopper · wall_segment Palisade Wall x1 |
| 16:43 | Funky-Kong · wall_segment Palisade Wall x2 |
| 16:44 | Funky-Kong · wall_segment Palisade Wall x4 |
| 18:35 | Funky-Kong · wall_segment Palisade Wall x1 |
| 19:02 | Funky-Kong · wall_segment Palisade Wall x8 |
| 20:03 | quadsflopper · age_up castle |
| 22:04 | Funky-Kong · wall_segment Palisade Wall x1 |
| 22:05 | Funky-Kong · wall_segment Palisade Wall x1 |
| 22:06 | Funky-Kong · wall_segment Palisade Wall x1 |
| 22:08 | Funky-Kong · wall_segment Palisade Wall x1 |
| 22:09 | Funky-Kong · wall_segment Palisade Wall x1 |
| 22:09 | quadsflopper · first_building Siege Workshop |
| 22:10 | Funky-Kong · wall_segment Palisade Wall x1 |
| 22:11 | Funky-Kong · wall_segment Palisade Wall x1 |
| 22:27 | Funky-Kong · age_up castle |
| 22:36 | Funky-Kong · first_market_sell 100 wood |
| 23:17 | Funky-Kong · resign |
[ ANÁLISIS IA · 1 CRÉDITO ]
¿Qué pasó realmente en esta partida?
Wolo.gg analiza cada decisión: build order, eco, micro, errores típicos por bracket. Análisis personalizado por WhatsApp o Discord en 30 segundos.
Guía civ
Britanos
Perfil
Jugador #436451